 Dungeon Crawl Stone Soup version 0.30-a0-860-g512cf1e979 (webtiles) character file.

Game seed: 7464108084365887488

1206 juan097 the Sneak (level 8, -1/54 HPs)
             Began as an Octopode Brigand on Mar 7, 2023.
             Killed by nerve-wracking pain
             ... invoked by a shadow imp
              (11 damage)
             ... on level 7 of the Dungeon.
             The game lasted 00:15:17 (6569 turns).

juan097 the Sneak (Octopode Brigand)                Turns: 6569, Time: 00:15:17

Health: -1/54      AC:  1    Str: 11    XL:     8   Next: 45%
Magic:  8/8        EV: 15    Int: 19    God:
Gold:   293        SH:  0    Dex: 15    Spells: 7/7 levels left

rFire   + . .      SeeInvis .    a - +2 dagger
rCold   . . .      Faith    .    (no shield)
rNeg    . . .      Spirit   .    x - +0 hat
rPois   .          Reflect  .    (no amulet)
rElec   .          Rampage  .    q - +6 ring of intelligence
rCorr   .                        t - ring of protection from fire
Will    .....                    (no ring)
Stlth   +++++                    (no ring)
HPRegen 0.29/turn                (no ring)
MPRegen 0.11/turn                (no ring)
                                 (no ring)
                                 (no ring)

@: about to teleport
A: almost no armour, amphibious, 8 rings, camouflage 1, gelatinous body 1,
(nimble swimmer 1), tentacles
a: no special abilities


You were on level 7 of the Dungeon.
You visited 2 branches of the dungeon, and saw 8 of its levels.

You collected 403 gold pieces.
You spent 110 gold pieces at shops.

Inventory:

Hand Weapons
 a - a +2 dagger (weapon)
Missiles
 b - 6 poisoned darts (quivered)
 c - 2 curare-tipped darts
Armour
 x - a +0 hat (worn)
Jewellery
 p - a ring of fire
 q - a +6 ring of intelligence (left tentacle)
 t - a ring of protection from fire (right tentacle)
Wands
 s - a wand of quicksilver (6)
Scrolls
 e - 3 scrolls of poison {unknown}
 g - a scroll of immolation
 j - 2 scrolls of enchant armour {unknown}
 m - a scroll of amnesia
 n - a scroll of blinking {unknown}
 r - a scroll of fog {unknown}
 u - a scroll of brand weapon {unknown}
 v - a scroll of noise {unknown}
 w - a scroll of fear {unknown}
 y - a scroll of vulnerability
 A - a scroll of identify
Potions
 f - 2 potions of curing
 h - 2 potions of heal wounds {unknown}
 i - 3 potions of attraction {unknown}
 k - a potion of cancellation {unknown}
 l - a potion of flight {unknown}
 o - 3 potions of invisibility {unknown}
 z - a potion of haste {unknown}


   Skills:
 + Level 3.9 Fighting
 + Level 6.9 Short Blades
 - Level 2.0 Throwing
 + Level 5.3 Dodging
 + Level 7.2 Stealth


You had 7 spell levels left.
You didn't know any spells.
Your spell library contained the following spells:

 Spells                   Type           Power      Damage    Failure   Level
 Freeze                   Ice            0%         1d3       21%         1
 Magic Dart               Conj           0%         1d3       21%         1
 Searing Ray              Conj           0%         2d4       30%         2
 Frozen Ramparts          Ice            0%         1d1       52%         3
 Hailstorm                Conj/Ice       0%         3d3       52%         3
 Fulminant Prism          Conj/Hex       0%         3d5       90%         4


Dungeon Overview and Level Annotations

Branches:
Dungeon (7/15)             Temple (1/1) D:4

Altars:
Cheibriados
Dithmenos
Fedhas
Hepliaklqana
Kikubaaqudgha
Makhleb
Nemelex Xobeh
Okawaru
Ru
Sif Muna
Trog
Uskayaw
Vehumet
Wu Jian
Xom
Yredelemnul
Zin
The Shining One

Shops:
D:6 *

Annotations:
D:4 Eustachio
D:6 3 runed translucent doors, bmack86's ghost, novice MiFi
D:7 Pikel


Innate Abilities, Weirdness & Mutations

You cannot wear most types of armour.
You are amphibious.
You can wear up to eight rings at the same time.
Your skin changes colour to match your surroundings (Stealth+).
Your rubbery body absorbs attacks. (AC +1, EV +1)
((You are camouflaged when in or above water. (Stealth+)))
You have tentacles for arms and can constrict up to eight enemies at once.


Message History

Level annotation: 3 runed translucent doors, bmack86's ghost, novice MiFi
There is a stone staircase leading down here.
There is a stone staircase leading down here.
You climb downwards.
Level annotation: Pikel The shadow imp shouts!
Found a stone staircase leading down.
There is a stone staircase leading up here.
The shadow imp barely misses you.
You completely miss the shadow imp. Your grab misses the shadow imp.
Your squeeze misses the shadow imp. The shadow imp hits you.
You hit the shadow imp but do no damage.
Your grab misses the shadow imp.
A centaur comes into view.
The shadow imp gestures at you. Pain shoots through your body!
You barely miss the shadow imp.
The centaur shouts!
Your grab misses the shadow imp.
The centaur wields a +0 shortbow.
The centaur shoots an arrow.
The arrow hits you!
You hit the shadow imp but do no damage.
You grab the shadow imp. You constrict the shadow imp. The shadow imp hits you.
You release your grip on the shadow imp.
The shadow imp attacks as you move away!
The shadow imp hits you.
The centaur shoots an arrow.
The arrow misses you.
The centaur shoots an arrow.
The arrow hits you!
* * * LOW HITPOINT WARNING * * *
You hear an angry hiss.
As you read the scroll of teleportation, it crumbles to dust.
You feel strangely unstable.
The centaur shoots an arrow.
The arrow closely misses you. The shadow imp gestures at you.
Pain shoots through your body!
* * * LOW HITPOINT WARNING * * *
The centaur shoots an arrow.
The arrow closely misses you. The shadow imp gestures at you.
You struggle to resist.
The centaur shoots an arrow.
The arrow misses you. The shadow imp gestures at you.
Pain shoots through your body!
You die...

............
...c.......#
......>....#
...........+
.#+#.......#####
.......<........
.............##
........5....#
........@....#
.............#
.............#
...........###
...........#
...........#
........#..#
....... ..#


You could see a centaur and a shadow imp.

Vanquished Creatures
  An orc warrior (D:6)
  A sky beast (D:6)
  An ogre (D:6)
  2 phantoms (D:6)
  2 scorpions
  2 howler monkeys
  2 jellies (D:5)
  2 hounds
  4 orc priests (D:6)
  An iguana (D:6)
  4 orc wizards
  Robin (D:3)
  3 gnolls (D:4)
  8 adders
  A white imp (D:6)
  4 worms
  10 orcs
  A bat skeleton (D:3)
  5 bat zombies (D:3)
  5 endoplasms
  2 giant cockroaches (D:4)
  12 goblins
  6 hobgoblins
  6 jackals
  5 quokkas
  4 ball pythons
  2 bats (D:2)
  A frilled lizard (D:2)
  6 kobolds
  4 rats
108 creatures vanquished.

Notes
Turn   | Place    | Note
-------+----------+-------------------------------------------
     0 | D:1      | juan097 the Octopode Brigand began the quest for the Orb.
     0 | D:1      | Reached XP level 1. HP: 14/14 MP: 1/1
   378 | D:1      | Reached XP level 2. HP: 18/19 MP: 2/2
  1015 | D:2      | Reached XP level 3. HP: 24/24 MP: 3/3
  1606 | D:3      | Reached XP level 4. HP: 27/29 MP: 4/4
  1719 | D:3      | Noticed Robin
  1751 | D:3      | Killed Robin
  2252 | D:3      | Found an ancient bone altar of Kikubaaqudgha.
  2258 | D:3      | Reached XP level 5. HP: 32/34 MP: 5/5
  2467 | D:4      | Reached XP level 6. HP: 21/39 MP: 6/6
  2612 | D:4      | Reached skill level 5 in Short Blades
  2687 | D:4      | Found a staircase to the Ecumenical Temple.
  2704 | Temple   | Entered the Ecumenical Temple
  2903 | D:4      | Found a sacrificial altar of Ru.
  3172 | D:4      | Noticed Eustachio
  3369 | D:5      | Entered Level 5 of the Dungeon
  3410 | D:5      | Reached XP level 7. HP: 31/45 MP: 7/7
  4350 | D:6      | Found Taloaf's General Store.
  4354 | D:6      | Bought a potion of curing for 30 gold pieces
  4354 | D:6      | Bought a scroll of identify for 20 gold pieces
  4354 | D:6      | Bought a scroll of identify for 20 gold pieces
  4354 | D:6      | Bought a scroll of vulnerability for 40 gold pieces
  4785 | D:6      | Reached skill level 6 in Stealth
  4986 | D:6      | Found a bloodstained altar of Trog.
  5436 | D:6      | Reached XP level 8. HP: 46/52 MP: 8/8
  5459 | D:6      | Found a runed translucent gate.
  5461 | D:6      | Found a runed translucent gate.
  5461 | D:6      | Noticed bmack86's ghost (novice MiFi)
  5462 | D:6      | Found a runed translucent gate.
  5560 | D:6      | Reached skill level 5 in Dodging
  5748 | D:6      | Reached skill level 7 in Stealth
  6027 | D:6      | Found a shimmering blue altar of Sif Muna.
  6342 | D:6      | Found a hazy altar of Hepliaklqana.
  6518 | D:7      | Noticed Pikel
  6569 | D:7      | Killed from afar by a shadow imp

Illustrated notes

Levels and vault maps discovered:
D:1:      dpeg_arrival_stone_temple_mockup, layout_loops_ring
D:2:      layout_basic
D:3:      layout_basic, kennysheep_vampire_church, supply_closet_lemuel,
          uniq_robin
D:4:      layout_basic, mainiacjoe_overflow_brackets,
          minmay_temple_entry_large_hall, uniq_eustachio
D:5:      layout_loops_corners
D:6:      layout_layer_cave, led_sif_book, old_standard_altar,
          mainiacjoe_overflow_small_starburst, serial_shops, shop,
          gammafunk_ghost_nasty_kobolds
D:7:      layout_basic, nicolae_ashenzari_panopticon, uniq_maggie, uniq_pikel
Temple:   cyrus_circular_temple

Skill      XL: |  1  2  3  4  5  6  7  8 |
---------------+-------------------------+-----
Dodging        | 2 3 4 5 |  5.3
Short Blades   | 3 4 6 |  6.9
Stealth        | 6 7 |  7.2
Fighting       | 3 |  3.9
Throwing       | |  2.0

Action                     |  1- 3 |  4- 6 |  7- 9 || total
---------------------------+-------+-------+-------++-------
  Melee: Dagger            |    51 |   140 |   105 ||   296
         Constrict         |    13 |    39 |    10 ||    62
         Tentacles         |     8 |    37 |    30 ||    75
         Punch             |     1 |     1 |       ||     2
  Throw: Dart              |     6 |    13 |    12 ||    31
  Evoke: Wand              |       |     2 |       ||     2
    Use: Potion            |       |     2 |       ||     2
         Scroll            |       |       |     4 ||     4
   Stab: Sleeping          |     8 |     5 |     6 ||    19
         Distracted        |     1 |       |     1 ||     2
 Armour: Skin              |     2 |     5 |     1 ||     8
  Dodge: Dodged            |    36 |    65 |    38 ||   139

Table legend: (Time is in decaauts)
 A = Elapsed time spent in this place.
 B = Non-inter-level travel time spent in this place.
 C = Inter-level travel time spent in this place.
 D = Time resting spent in this place.
 E = Time spent auto-exploring this place.
 F = Levels seen in this place.
 G = Mean time per level.
                   A        B        C        D        E       F      G
               +--------+--------+--------+--------+--------+-----+--------+
         Total |   6496 |   6087 |    409 |    354 |   4383 |   8 |  812.0 |
       Dungeon |   6445 |   6044 |    401 |    354 |   4348 |   7 |  920.7 |
        Temple |     50 |     42 |      8 |      0 |     35 |   1 |   50.0 |
               +--------+--------+--------+--------+--------+-----+--------+

Top non-repeatable levels by time:
     D:6: 1933 daAuts
     D:5: 1214 daAuts
     D:4: 865 daAuts
     D:3: 858 daAuts
     D:1: 805 daAuts
     D:2: 755 daAuts
  Temple: 50 daAuts
     D:7: 13 daAuts
